 Dungeon Crawl Stone Soup version 0.28.0-53-g5a82cb258f (webtiles) character file.

Game seed: 4048694787870403155

310 safid the Digger (level 6, -3/37 HPs)
             Began as a Gargoyle Earth Elementalist on Sept 1, 2022.
             Slain by a yak (9 damage)
             ... on level 5 of the Dungeon.
             The game lasted 00:03:55 (3572 turns).

safid the Digger (Gargoyle Earth Elementalist)      Turns: 3572, Time: 00:03:55

Health: -3/37      AC:  6    Str: 11    XL:     6   Next: 41%
Magic:  9/11       EV: 12    Int: 18    God:
Gold:   119        SH:  5    Dex: 10    Spells: 11/12 levels left

rFire   . . .      SeeInvis .   g - +1 short sword (protect)
rCold   . . .      Faith    .   (no shield)
rNeg    + . .      Spirit   .   b - +0 robe
rPois   ∞          Reflect  +   (no helmet)
rElec   +          Harm     .   (no cloak)
rCorr   .          Rampage  .   (no gloves)
Will    .....                   (no boots)
Stlth   ++........              d - amulet of reflection
HPRegen 0.12/turn               (no ring)
MPRegen 0.12/turn               (no ring)

@: no status effects
A: sickness immunity, AC +4, negative energy resistance 1, electricity
resistance, torment resistance 1, petrification resistance
a: no special abilities


You were on level 5 of the Dungeon.
You visited 1 branch of the dungeon, and saw 5 of its levels.

You collected 119 gold pieces.

Inventory:

Hand Weapons
 a - a +0 spear
 g - a +1 short sword of protection (weapon)
Missiles
 c - 42 stones
Armour
 b - a +0 robe (worn)
Jewellery
 d - an amulet of reflection (around neck)
Scrolls
 f - a scroll of enchant armour {unknown}
 h - a scroll of brand weapon {unknown}
 i - a scroll of teleportation {unknown}
 j - 4 scrolls of fear {unknown}
 k - a scroll of noise {unknown}
 l - a scroll of identify {unknown}
 m - a scroll of blinking {unknown}
Potions
 e - a potion of experience {unknown}


   Skills:
 + Level 3.5 Fighting
 - Level 2.0 Dodging
 - Level 2.1 Stealth
 + Level 3.6 Spellcasting
 - Level 1.0 Transmutations
 + Level 5.5 Earth Magic


You had 11 spell levels left.
You knew the following spells:

 Your Spells              Type           Power      Damage    Failure   Level
a - Sandblast             Erth           46%        2d11      1%          1

Your spell library contained the following spells:

 Spells                   Type           Power      Damage    Failure   Level
 Passwall                 Tmut/Erth      12%        N/A       6%          2
 Beastly Appendage        Tmut           12%        N/A       10%         1
 Stone Arrow              Conj/Erth      26%        3d8       14%         3
 Foxfire                  Conj/Fire      12%        2x1d4     16%         1
 Wereblood                Tmut           6%         N/A       16%         2
 Spider Form              Tmut/Pois      5%         N/A       36%         3
 Petrify                  Tmut/Erth      15%        N/A       36%         4
 Conjure Flame            Conj/Fire      3%         6-21      41%         3
 Inner Flame              Hex/Fire       3%         N/A       41%         3
 Flame Wave               Conj/Fire      3%         2d4       83%         4


Dungeon Overview and Level Annotations

Branches:
Dungeon (6/15)
 Temple: D:4-7

Altars:


Innate Abilities, Weirdness & Mutations

You are immune to sickness and miasma.
Your stone body is resilient. (AC +4)
You are immune to poison.
You resist negative energy. (rN+)
You are resistant to electric shocks. (rElec)
You are resistant to unholy torment.
You are immune to petrification.


Message History

Aim: a yak (heavily wounded, 88% to hit)
The blast of sand hits the yak!
The yak is heavily wounded.
The yak barely misses you.
Unknown command.
Casting: Sandblast (safe; 1% risk of failure)
Confirm with . or Enter, or press ? or * to list all spells.
Aiming: Sandblast (safe; 1% risk of failure)
Press: ? - help, Shift-Dir - straight line, f/p - yak
Aim: a yak (heavily wounded, 88% to hit)
The blast of sand hits the yak.
The yak is heavily wounded.
The yak gores you!
* * * LOW HITPOINT WARNING * * *
Found 19 stones.
Found a scroll labelled QOAHUDDIBB.
Found a stone staircase leading up.
Found a scroll labelled QARENL HOSTRIE.
A sky beast comes into view.
Found a cloak.
You block the sky beast's attack.
There is a stone staircase leading up here.
The sky beast hits you. The sky beast shocks you. You resist.
* * * LOW HITPOINT WARNING * * *
The yak completely misses you.
You climb upwards.
Found 20 arrows, 12 gold pieces and 8 stones.
Found a stone staircase leading up.
There is a stone staircase leading down here.
Found 14 stones.
The yak closely misses you.
The sky beast flickers out of sight!
Deactivating autopickup; reactivate with Ctrl-A.
Found a fizzy clear potion.
The yak gores you.
* * * LOW HITPOINT WARNING * * *
Found a robe.
There is a stone staircase leading up here.
Unknown command.
Something hits you but does no damage. The yak gores you!
You die...

### ###.##
##....#
..##.....##
....(..@..##
........Y..##
.........(..##
......#.....>#
..!.####......#
[.## ##.......
. #.....$.(#
#.........#
#.....##...#


You could see a yak.

Vanquished Creatures
  A water moccasin (D:6)
  A water moccasin skeleton (D:6)
  A bullfrog zombie (D:6)
  3 gnolls
  5 adders (D:2)
  A worm (D:2)
  A dart slug (D:1)
  An orc (D:6)
  2 ball pythons (D:1)
  An endoplasm (D:2)
  5 goblins
  4 hobgoblins (D:2)
  A jackal (D:2)
  A quokka (D:1)
  3 bats
  4 frilled lizards
  6 kobolds
  7 rats
48 creatures vanquished.

Notes
Turn   | Place    | Note
-------+----------+-------------------------------------------
     0 | D:1      | safid the Gargoyle Earth Elementalist began the quest for
                  | the Orb.
     0 | D:1      | Reached XP level 1. HP: 10/10 MP: 3/3
   266 | D:1      | Reached skill level 1 in Transmutations
   266 | D:1      | Reached XP level 2. HP: 9/16 MP: 0/5
   626 | D:1      | Reached skill level 1 in Fighting
   626 | D:1      | Reached skill level 4 in Earth Magic
   825 | D:1      | Reached XP level 3. HP: 9/20 MP: 1/6
  1744 | D:2      | Reached XP level 4. HP: 19/26 MP: 5/7
  2842 | D:2      | Reached XP level 5. HP: 29/31 MP: 9/9
  3141 | D:3      | You fall into a shaft and drop 3 floors!
  3290 | D:6      | Noticed a yak
  3290 | D:6      | Noticed a yak
  3312 | D:6      | Noticed a water moccasin
  3319 | D:6      | Killed a water moccasin
  3320 | D:6      | Reached skill level 5 in Earth Magic
  3320 | D:6      | Reached XP level 6. HP: 25/37 MP: 4/11
  3525 | D:6      | Noticed a yak
  3559 | D:6      | Noticed a sky beast
  3566 | D:5      | Entered Level 5 of the Dungeon
  3572 | D:5      | Slain by a yak

Illustrated notes

Levels and vault maps discovered:
D:1:      kilobyte_arrival_exit_the_forest, layout_basic, minmay_crystal_room
D:2:      layout_basic, minmay_fractal_squares_5
D:3:      layout_loops_corners, shapermc_ecumenical_altar_hornbeckon,
          minmay_misc_feat_four_crosses, uniq_sigmund, uniq_jessica
D:5:      layout_layer_cave, dk_rats_in_the_wall
D:6:      layout_cave_pods, nicolae_overflow_hidden_temple

Skill      XL: |  1  2  3  4  5 |
---------------+----------------+-----
Transmutations | 1 |  1.0
Fighting       | 1 2 3 |  3.5
Earth Magic    | 4 5 |  5.5
Dodging        | 2 |  2.0
Spellcasting   | 3 |  3.6
Stealth        | |  2.1

Action                   |  1- 3 |  4- 6 || total
-------------------------+-------+-------++-------
Melee: Unarmed           |    12 |       ||    12
       Spear             |   101 |    83 ||   184
       Short sword       |       |    44 ||    44
       Punch             |       |     1 ||     1
 Cast: Sandblast         |     9 |    27 ||    36
 Stab: Sleeping          |     4 |       ||     4
Armor: Robe              |    23 |    33 ||    56
Dodge: Dodged            |    47 |    75 ||   122
Block: Other             |    14 |    39 ||    53
       Reflection        |     1 |     1 ||     2
